 Dungeon Sprint DCSS version 0.27.1-1-g398f81649c (webtiles) character file.

Game seed: 4867617523517007116

97 ugugthedestroyer the Severer (level 8, -2/79 HPs)
             Began as a Hill Orc Fighter on Sept 6, 2021.
             Was an Elder of Beogh.
             Slain by an ogre (25 damage)
             ... in the Dungeon (Sprint VI: "Thunderdome").
             The game lasted 00:05:26 (566 turns).

ugugthedestroyer the Severer (Hill Orc Fighter)      Turns: 566, Time: 00:05:26

Health: -2/79      AC:  9    Str: 26    XL:     8   Next: 98%
Magic:  17/17      EV:  9    Int:  8    God:    Beogh [****..]
Gold:   115        SH: 12    Dex: 14    Spells: 7/7 levels left

rFire    + . .     SeeInvis .   a - +0 war axe
rCold    + . .     Faith    .   c - +0 kite shield
rNeg     . . .     Spirit   .   b - +0 scale mail
rPois    .         Reflect  .   (no helmet)
rElec    +         Harm     .   i - +0 cloak
rCorr    +         Rampage  .   (no gloves)
Will     .....     NoTele   +   (no boots)
Stlth    ..........             r - amulet "Otuefrur" {Acrobat rF+ Dex+4}
HPRegen  0.23/turn              q - ring of Beogh's Favour {rCorr MP+9}
MPRegen  0.15/turn              s - ring of Nemelex Xobeh's Envy {+Blink rElec rC+ Str+5 Stlth-}

@: mighty
A: no striking features
a: Renounce Religion, Evoke Blink, Smiting, Recall Orcish Followers


You were in the Dungeon.
You worshipped Beogh.
Beogh was greatly pleased with you.
You visited 1 branch You collected 340 gold pieces.
You spent 225 gold pieces at shops.

Inventory:

Hand Weapons
 a - a +0 war axe (weapon)
Armour
 b - a +0 scale mail (worn)
 c - a +0 kite shield (worn)
 i - a +0 cloak (worn)
Jewellery
 o - the ring "Boishus" {Fly rF+ Will++ Str-2 Int-2}
   (You bought it in a shop in the Dungeon)

   [ring of protection from fire]

   Str:       It affects your strength (-2).
   Int:       It affects your intelligence (-2).
   rF:        It protects you from fire.
   Fly:       It grants you flight.
   Will:      It greatly increases your willpower.
 p - the amulet of Yfefub {rElec rPois Regen+ Str-3 Stlth+}
   (You bought it in a shop in the Dungeon)

   [amulet of regeneration]

   Str:       It affects your strength (-3).
   rElec:     It insulates you from electricity.
   rPois:     It protects you from poison.
   Regen:     It increases your rate of health regeneration.
   Stlth:     It makes you more stealthy.
 q - the ring of Beogh's Favour (left hand) {rCorr MP+9}
   (You bought it in a shop in the Dungeon)

   [ring of magical power]

   MP:        It affects your magic capacity (+9).
   rCorr:     It protects you from acid and corrosion.
 r - the amulet "Otuefrur" (around neck) {Acrobat rF+ Dex+4}
   (You bought it in a shop in the Dungeon)

   [amulet of the acrobat]

   It increases your evasion while moving and waiting.
   Dex:       It affects your dexterity (+4).
   rF:        It protects you from fire.
 s - the ring of Nemelex Xobeh's Envy (right hand) {+Blink rElec rC+ Str+5 Stlth-}
   (You bought it in a shop in the Dungeon)

   [ring of protection from cold]

   Str:       It affects your strength (+5).
   rC:        It protects you from cold.
   rElec:     It insulates you from electricity.
   +Blink:    It lets you blink.
   Stlth:     It makes you less stealthy.
Wands
 l - a wand of acid (5)
 m - a wand of iceblast (5)
Scrolls
 j - 4 scrolls of blinking
 n - 3 scrolls of fog
Potions
 e - a potion of curing
 g - 3 potions of haste
 h - 2 potions of magic
 k - a potion of resistance


   Skills:
 + Level 10.1 Fighting
 * Level 17.0 Axes
 + Level 9.1 Armour
 - Level 1.2 Dodging
 + Level 9.2 Shields


You had 7 spell levels left.
You didn't know any spells.
Your spell library was empty.

Dungeon Overview and Level Annotations

Branches:
Dungeon (1/1)

Altars:
Cheibriados
Dithmenos
Fedhas
Gozag
Kikubaaqudgha
Makhleb
Okawaru
Qazlal
Ru
Sif Muna
Trog
Uskayaw
Vehumet
Wu Jian
Xom
Yredelemnul
Zin
The Shining One
Beogh
Jiyva
Lugonu

Shops:
D *[??*?*:[((!!!!


Message History

Your Fighting skill increases to level 10!
Your Axes skill increases to level 17!
Your Armour skill increases to level 9!
Your Shields skill increases to level 9!
You now have 115 gold pieces (gained 90).
You see here a +0 whip.
Your extra speed is starting to run out.
There is an entrance to Luowuekk's Advanced Armour here.
You feel yourself slow down.
Get ready!
ROUND 4!
FIGHT!
You sense a tension in the west.
An ogre comes into view. It is wielding a +0 giant club.
The ogre shouts!
An ogre comes into view. It is wielding a +0 giant spiked club.
The ogre shouts!
The ogre misses you. The ogre misses you. You block the ogre's attack.
The ogre barely misses you. x2
The ogre closely misses you.
The ogre hits you with a +0 giant club!!
The ogre completely misses you. The ogre hits you with a +0 giant club.
* * * LOW HITPOINT WARNING * * *
You block the ogre's attack. The ogre closely misses you.
An ogre comes into view. It is wielding a +0 giant spiked club.
The ogre shouts!
You block the ogre's attack. The ogre closely misses you.
You block the ogre's attack. The ogre barely misses you.
The ogre completely misses you.
An ogre comes into view. It is wielding a +0 giant spiked club.
The ogre completely misses you.
A two-headed ogre comes into view.
It is wielding a +0 giant spiked club and a +0 giant club.
You closely miss the ogre.
The ogre shouts!
The two-headed ogre shouts in stereo!
You hit the ogre. You block the ogre's attack.
You feel very mighty all of a sudden.
The ogre hits you with a +0 giant club!!
You die...

###.........###
#⌠...........⌠#
######.8.........8.###
##.___......###......__
###∩........8.# #.8......
##O............###........
#§.O........###...###.....
#§..........# #.<.# #.....
#⌠......O@..###...###.....
##.......O.....###........
###∩....O..)8.# #.8......
##∩.__....))###......._
######.8.))......8.###
#§...........⌠#
###.........###
#_........# #_....).._#


You could see a two-headed ogre and 4 ogres.

Vanquished Creatures
  An orange demon (D)
  3 ice devils (D)
  2 hellwings (D)
  A phantom (D)
  Crazy Yiuf (D)
  5 gnolls (D)
  A bat skeleton (D)
  A quokka skeleton (D)
  2 quokka zombies (D)
17 creatures vanquished.

Notes
Turn   | Place    | Note
-------+----------+-------------------------------------------
     0 | D        | ugugthedestroyer the Hill Orc Fighter began the quest for
                  | the Orb.
     0 | D        | Reached XP level 1. HP: 19/19 MP: 1/1
     3 | D        | Found a glowing golden altar of the Shining One.
     3 | D        | Found a basalt altar of Yredelemnul.
     4 | D        | Found an ancient bone altar of Kikubaaqudgha.
     4 | D        | Found an ornate altar of the Wu Jian Council.
     5 | D        | Found a burning altar of Makhleb.
     5 | D        | Round 1.
     6 | D        | Found a bloodstained altar of Trog.
     6 | D        | Found a stormy altar of Qazlal.
     6 | D        | Found Qetovvan's Identification Station.
     7 | D        | Found Qaib's Jewellery.
     7 | D        | Found Luowuekk's Advanced Armour.
     9 | D        | Found a shadowy altar of Dithmenos.
    14 | D        | Reached skill level 3 in Axes
    14 | D        | Found Xexuor's Magic Scroll Shop.
    15 | D        | Found Ruomugucho's Magic Scroll Shop.
    15 | D        | Found Tunyexong's Must-Have Magic.
    16 | D        | Found a sacrificial altar of Ru.
    16 | D        | Found a radiant altar of Vehumet.
    16 | D        | Found a roughly hewn altar of Beogh.
    16 | D        | Found Heny's Staff Store.
    20 | D        | Found an opulent altar of Gozag.
    21 | D        | Found a viscous altar of Jiyva.
    22 | D        | Found a glowing silver altar of Zin.
    23 | D        | Found Uhilig's Distillery.
    29 | D        | Became a worshipper of Beogh the Brigand
    47 | D        | Found Coucyone's Distillery.
    47 | D        | Found Jyny's Bottled Wisdom.
    48 | D        | Found a hide-covered altar of Uskayaw.
    48 | D        | Found a snail-covered altar of Cheibriados.
    48 | D        | Found Ekhi's Do-It-Yourself Clinic.
    54 | D        | Found a shimmering altar of Xom.
    56 | D        | Found a blossoming altar of Fedhas.
    58 | D        | Found Ybetwyr's Weapon Rack.
    59 | D        | Found an iron altar of Okawaru.
    59 | D        | Found a corrupted altar of Lugonu.
    59 | D        | Found a shimmering blue altar of Sif Muna.
    59 | D        | Found Eloklibb's Premium Goods.
    60 | D        | Found Rupnuowef's Basic Armour.
    60 | D        | Found Fautt's Miscellaneous Merchandise.
   117 | D        | Noticed a phantom
   132 | D        | Killed a phantom
   132 | D        | Reached * piety under Beogh
   133 | D        | Reached skill level 5 in Fighting
   133 | D        | Reached skill level 6 in Axes
   133 | D        | Reached skill level 5 in Armour
   133 | D        | Reached skill level 5 in Shields
   133 | D        | Reached XP level 2. HP: 30/30 MP: 2/2
   133 | D        | Reached XP level 3. HP: 37/37 MP: 3/3
   133 | D        | Reached XP level 4. HP: 44/44 MP: 4/4
   143 | D        | Arena points: 6 (+6) [x1]
   153 | D        | Round 2.
   199 | D        | Noticed Crazy Yiuf
   208 | D        | Killed Crazy Yiuf
   209 | D        | Reached skill level 1 in Dodging
   267 | D        | Reached skill level 7 in Axes
   267 | D        | Reached ** piety under Beogh
   268 | D        | Reached XP level 5. HP: 44/51 MP: 5/5
   280 | D        | Arena points: 34 (+28) [x2]
   281 | D        | Reached skill level 8 in Axes
   308 | D        | Bought a flickering pewter ring for 45 gold pieces
   308 | D        | Identified the ring "Boishus" {Fly rF+ Will++ Str-2 Int-2}
                  | (You bought it in a shop in the Dungeon)
   308 | D        | Bought a fine bronze amulet for 45 gold pieces
   308 | D        | Identified the amulet of Yfefub {rElec rPois Regen+ Str-3
                  | Stlth+} (You bought it in a shop in the Dungeon)
   308 | D        | Bought a flickering brass ring for 45 gold pieces
   308 | D        | Identified the ring of Beogh's Favour {rCorr MP+9} (You
                  | bought it in a shop in the Dungeon)
   308 | D        | Bought a scorched pewter amulet for 45 gold pieces
   308 | D        | Identified the amulet "Otuefrur" {Acrobat rF+ Dex+4} (You
                  | bought it in a shop in the Dungeon)
   308 | D        | Bought a glittering bone ring for 45 gold pieces
   308 | D        | Identified the ring of Nemelex Xobeh's Envy {+Blink rElec
                  | rC+ Str+5 Stlth-} (You bought it in a shop in the Dungeon)
   334 | D        | Round 3.
   361 | D        | Noticed an ice devil
   375 | D        | Killed an ice devil
   375 | D        | Reached *** piety under Beogh
   376 | D        | Reached skill level 12 in Axes
   376 | D        | Reached XP level 6. HP: 56/61 MP: 6/6
   382 | D        | Noticed an orange demon
   393 | D        | Killed an orange demon
   394 | D        | Reached skill level 14 in Axes
   394 | D        | Reached XP level 7. HP: 58/69 MP: 7/7
   409 | D        | Noticed an ice devil
   424 | D        | Killed an ice devil
   425 | D        | Reached skill level 15 in Axes
   425 | D        | Reached XP level 8. HP: 40/78 MP: 8/8
   425 | D        | Noticed an ice devil
   439 | D        | Killed an ice devil
   439 | D        | Reached **** piety under Beogh
   440 | D        | Reached skill level 16 in Axes
   446 | D        | Noticed a hellwing
   451 | D        | Noticed a hellwing
   464 | D        | Killed a hellwing
   477 | D        | Killed a hellwing
   477 | D        | Arena points: 97 (+63) [x3]
   478 | D        | Reached skill level 10 in Fighting
   478 | D        | Reached skill level 17 in Axes
   547 | D        | Round 4.
   564 | D        | Noticed a two-headed ogre
   566 | D        | Slain by an ogre

Illustrated notes

Levels and vault maps discovered:
D:        arena_sprint

Skill      XL: |  1  2  3  4  5  6  7  8 |
---------------+-------------------------+-----
Fighting       | 5 6 7 8 9 10 | 10.1
Axes           | 6 7 12 14 15 17 | 17.0
Armour         | 5 7 8 9 |  9.1
Shields        | 5 6 7 8 9 |  9.2
Dodging        | 1 |  1.2

Action                   |  1- 3 |  4- 6 |  7- 9 || total
-------------------------+-------+-------+-------++-------
Melee: War axe           |    15 |    37 |    47 ||    99
  Use: Potion            |     2 |     1 |     4 ||     7
Armor: Scale mail        |     5 |    12 |    11 ||    28
Dodge: Dodged            |     5 |     8 |    19 ||    32
Block: Kite shield       |    13 |    28 |    34 ||    75
